 Dungeon Crawl Stone Soup version 0.20.0-8-g6b59dc7 (webtiles) character file.

7051 rageheart7 the Carver (level 11, 0/75 HPs)
             Began as an Octopode Fighter on May 31, 2017.
             Was a Priest of Dithmenos.
             Slain by a wyvern (5 damage)
             ... on level 10 of the Dungeon.
             The game lasted 00:16:43 (8563 turns).

rageheart7 the Carver (Octopode Fighter)            Turns: 8563, Time: 00:16:43

Health: 0/75       AC: -9    Str: 18    XL:     11   Next: 9%
Magic:  11/11      EV: 18    Int: 11    God:    Dithmenos [***...]
Gold:   591        SH:  7    Dex: 12    Spells: 10/10 levels left

rFire    x . .     SeeInvis .   a - +1 long sword
rCold    + . .     Gourm    .   r - +1 buckler
rNeg     . . .     Faith    .   (helmet restricted)
rPois    +         Spirit   .   (no amulet)
rElec    +         Reflect  .   s - +2 ring of protection
rCorr    .         Harm     .   m - ring of poison resistance
MR       .....     Clarity  +   C - ring of flight
Stlth    +++.......             j - ring of ice
Regen    0.7/turn               (no ring)
MPRegen  0.2/turn               (no ring)
                                (no ring)
                                (no ring)

@: corroded, very slightly contaminated, wreathed by umbra
A: almost no armour, stealthy swim, amphibious, 8 rings, constrict 8, camouflage
1, clarity, regeneration 1, electricity resistance, gelatinous body 1
a: Shadow Step, Renounce Religion, Evoke Flight


You were on level 10 of the Dungeon.
You worshipped Dithmenos.
Dithmenos was most pleased with you.
You were hungry.

You visited 2 branches of the dungeon, and saw 11 of its levels.

You collected 591 gold pieces.

Inventory:

Hand Weapons
 a - a +1 long sword (weapon)
Armour
 b - a +0 shield
 r - a +1 buckler (worn)
Jewellery
 j - a ring of ice (on tentacle)
 m - a ring of poison resistance (right tentacle)
 s - a +2 ring of protection (left tentacle)
 C - a ring of flight (on tentacle)
Wands
 E - a wand of acid (8/15)
Scrolls
 e - 3 scrolls of teleportation
 g - 3 scrolls of blinking
 k - 2 scrolls of enchant weapon
 o - a scroll of magic mapping
 v - 3 scrolls of remove curse
 A - 3 scrolls of enchant armour
 H - 3 scrolls of amnesia
Potions
 f - a potion of mutation
 h - a potion of ambrosia {unknown}
 n - 2 potions of magic
 t - 3 potions of flight
 w - a potion of invisibility
 x - 2 potions of brilliance
 z - 2 potions of cancellation
 D - a potion of degeneration {unknown}
Miscellaneous
 q - a fan of gales
Comestibles
 c - 6 chunks of flesh
 d - 9 bread rations
 i - 4 royal jellies
 l - 4 meat rations
 u - 3 fruits


   Skills:
 - Level 7.6 Fighting
 - Level 10.4 Long Blades
 * Level 9.1 Dodging
 - Level 0.8 Stealth
 * Level 7.9 Shields
 - Level 0.4 Unarmed Combat


You had 10 spell levels left.
You didn't know any spells.

Dungeon Overview and Level Annotations

Branches:
Dungeon (10/15)            Temple (1/1) D:4
   Lair: D:8-11         Orc: D:9-12

Altars:
Ashenzari
Cheibriados
Dithmenos
Elyvilon
Fedhas
Gozag
Hepliaklqana
Kikubaaqudgha
Makhleb
Nemelex Xobeh
Okawaru
Qazlal
Ru
Sif Muna
Trog
Uskayaw
Vehumet
Xom
Yredelemnul
Zin
The Shining One

Shops:
D:4 (


Innate Abilities, Weirdness & Mutations

You cannot wear most types of armour.
You are very stealthy in the water. (Stealth+)
You are amphibious.
You can wear up to eight rings at the same time.
You can use your tentacles to constrict eight enemies at once.
Your skin changes colour to match your surroundings (Stealth+).
Your rubbery body absorbs attacks. (AC +1, EV +1)
You possess an exceptional clarity of mind.
Your natural rate of healing is unusually fast.
You are resistant to electric shocks. (rElec)


Message History

The wyvern is heavily wounded.
You hit the wyvern.
You squeeze the wyvern, but do no damage.
The wyvern is heavily wounded.
The wyvern closely misses you.
You riposte.
You hit the wyvern.
The wyvern is severely wounded.
You are feeling hungry.
You hit the wyvern but do no damage.
The wyvern is severely wounded.
The wyvern closely misses you.
You riposte.
You hit the wyvern but do no damage.
The wyvern is severely wounded.
You hit the wyvern.
You squeeze the wyvern, but do no damage.
The wyvern is severely wounded.
The wyvern closely misses you. The wyvern misses you.
You barely miss the wyvern.
The wyvern is severely wounded.
The wyvern bites you.
You die...

.#.#.#.#.#.#.#.#.##.#....# #.#...
# #.# #.#.#.###.###.##.#.###.#.##
.#.#.#.#.#.#.#.#.##.#........#.#
#.# #.# #.#.#.###.#.####.##..#.##
.#.#.#.#.#.#.#.#.##.......#......
###.# #.###.#.#.###.####..##)##.#
.#.#.#.#.#.#.#.#.##.............#
#l###.###.###.#.#)#........#.....
.#.#)#.#.#.#.#.#@##.###....#...##
###(###.###[###l#.#.[......#.....
# ### ############....#.<......#.
..........[...#.#.#.>..###.
###########.#.#.#......#...
#.#..........#.##
##.#.....#....#.#
#..#.###.#....#.#
#)##.###.#....#)##


You could see a wyvern.

Vanquished Creatures
  Erica (D:10)
  3 two-headed ogres (D:8)
  Maurice (D:8)
  Grinder (D:3)
  A hippogriff (D:9)
  A soldier ant (D:10)
  An ice beast (D:7)
  4 orc warriors
  A necrophage (D:8)
  6 ogres
  4 phantoms
  2 centaurs
  A big kobold (D:7)
  A crocodile (D:9)
  3 bullfrogs
  3 scorpions
  12 killer bees (D:7)
  2 howler monkeys
  A crimson imp (D:6)
  A bullfrog zombie (D:6)
  4 hounds
  3 orc priests
  2 jellies
  A bullfrog skeleton (D:10)
  5 orc wizards
  2 iguanas
  Terence (D:2)
  8 worker ants
  A hound skeleton (D:8)
  3 gnolls (D:4)
  10 adders
  2 shadow imps
  2 oozes
  3 adder skeletons
  3 worms
  2 leopard geckos
  42 orcs
  3 giant cockroaches
  7 hobgoblins
  18 jackals
  10 kobolds
  6 quokkas
  10 bats
  8 frilled lizards
  A giant cockroach zombie (D:6)
  4 goblins
  6 rats
217 creatures vanquished.

Notes
Turn   | Place    | Note
-------+----------+-------------------------------------------
     0 | D:1      | rageheart7 the Octopode Fighter began the quest for the Orb.
     0 | D:1      | Reached XP level 1. HP: 16/16 MP: 1/1
   379 | D:1      | Reached XP level 2. HP: 21/21 MP: 2/2
   717 | D:2      | Reached XP level 3. HP: 19/26 MP: 3/3
   782 | D:2      | Noticed Terence
   787 | D:2      | Killed Terence
   787 | D:2      | Reached skill level 3 in Long Blades
  1037 | D:2      | Reached XP level 4. HP: 24/33 MP: 4/4
  1208 | D:2      | Found a glowing golden altar of the Shining One.
  1321 | D:2      | Gained mutation: Your body sometimes deteriorates upon taking damage. [potion of mutation]
  1321 | D:2      | Gained mutation: You are resistant to electric shocks. (rElec) [potion of mutation]
  1321 | D:2      | Gained mutation: You can translocate small distances at will. [potion of mutation]
  1322 | D:2      | Lost mutation: You can translocate small distances at will. [potion of mutation]
  1322 | D:2      | Lost mutation: Your body sometimes deteriorates upon taking damage. [potion of mutation]
  1322 | D:2      | Gained mutation: Your natural rate of healing is unusually fast. [potion of mutation]
  1322 | D:2      | Gained mutation: You possess an exceptional clarity of mind. [potion of mutation]
  1765 | D:3      | Noticed Grinder
  1767 | D:3      | Paralysed by Grinder for 3 turns
  1775 | D:3      | Paralysed by Grinder for 5 turns
  1796 | D:3      | Killed Grinder
  1796 | D:3      | Reached skill level 4 in Long Blades
  1796 | D:3      | Reached XP level 5. HP: 15/38 MP: 5/5
  1796 | D:3      | Reached XP level 6. HP: 18/45 MP: 6/6
  1962 | D:3      | Reached skill level 5 in Long Blades
  2157 | D:3      | Found an opulent altar of Gozag.
  2157 | D:3      | Found a deep blue altar of Sif Muna.
  2164 | D:3      | Found a faded altar of an unknown god.
  2166 | D:3      | Found a stormy altar of Qazlal.
  2167 | D:3      | Found a faded altar of an unknown god.
  2445 | D:3      | Reached skill level 5 in Fighting
  2854 | D:4      | Found a staircase to the Ecumenical Temple.
  2860 | D:4      | Reached XP level 7. HP: 50/50 MP: 7/7
  2886 | Temple   | Entered the Ecumenical Temple
  2949 | Temple   | Became a worshipper of Dithmenos the Shadowed
  3135 | D:4      | Reached skill level 6 in Long Blades
  3274 | D:4      | Found Tuiren's Weapon Emporium.
  3427 | D:5      | Entered Level 5 of the Dungeon
  3443 | D:5      | Found a sacrificial altar of Ru.
  3586 | D:5      | Found a sparkling altar of Nemelex Xobeh.
  3749 | D:5      | Found a white marble altar of Elyvilon.
  3786 | D:5      | Reached skill level 7 in Long Blades
  4170 | D:6      | Reached XP level 8. HP: 40/57 MP: 8/8
  4506 | D:6      | Reached * piety under Dithmenos
  4538 | D:6      | Reached skill level 8 in Long Blades
  5341 | D:7      | Reached skill level 9 in Long Blades
  5399 | D:7      | Reached XP level 9. HP: 63/63 MP: 9/9
  5417 | D:7      | Reached skill level 10 in Long Blades
  5507 | D:7      | Reached ** piety under Dithmenos
  6035 | D:8      | Noticed a two-headed ogre
  6119 | D:8      | Noticed a two-headed ogre
  6143 | D:8      | Killed a two-headed ogre
  6143 | D:8      | Reached skill level 5 in Dodging
  6265 | D:8      | Reached XP level 10. HP: 71/71 MP: 10/10
  6321 | D:8      | Noticed Maurice
  6331 | D:8      | Killed Maurice
  6331 | D:8      | Reached skill level 5 in Shields
  6369 | D:8      | Noticed a two-headed ogre
  6376 | D:8      | Killed a two-headed ogre
  6395 | D:8      | Killed a two-headed ogre
  7850 | D:10     | Entered Level 10 of the Dungeon
  8090 | D:10     | Reached *** piety under Dithmenos
  8147 | D:10     | Noticed Erica
  8163 | D:10     | Killed Erica
  8163 | D:10     | Reached XP level 11. HP: 54/75 MP: 11/11
  8559 | D:10     | HP: 3/75 [wyvern (20)]
  8563 | D:10     | Slain by a wyvern

Skill      XL: |  1  2  3  4  5  6  7  8  9 10 11 |
---------------+----------------------------------+-----
Long Blades    | 3 4 5 7 9 10 | 10.4
Fighting       | 4 5 6 7 |  7.6
Dodging        | 5 8 9 |  9.1
Shields        | 4 7 |  7.9
Stealth        | |  0.8
Unarmed Combat | |  0.4

Action                   |  1- 3 |  4- 6 |  7- 9 | 10-12 || total
-------------------------+-------+-------+-------+-------++-------
Melee: Long sword        |    62 |    84 |   127 |    78 ||   351
       Constrict         |    19 |    34 |    49 |    37 ||   139
       Tentacles         |    15 |    29 |    60 |    61 ||   165
       Unarmed           |       |     8 |       |       ||     8
       Dagger            |       |       |   122 |   123 ||   245
Evoke: Wand              |     1 |       |       |     3 ||     4
  Use: Scroll            |     4 |     5 |     9 |     6 ||    24
       Potion            |       |     4 |     3 |     8 ||    15
 Stab: Sleeping          |     5 |     9 |     7 |    10 ||    31
       Distracted        |       |       |     2 |     1 ||     3
  Eat: Chunk             |       |     6 |    11 |     5 ||    22
       Royal jelly       |       |       |       |     1 ||     1
Armor: Skin              |    10 |     8 |    27 |     5 ||    50
Dodge: Dodged            |    27 |    45 |   124 |   129 ||   325
Block: Shield            |    29 |     6 |       |       ||    35
       Buckler           |       |    14 |    51 |    46 ||   111
       Rpst.: Long sword |     4 |     7 |    18 |    14 ||    43
